 Dungeon Crawl Stone Soup version 0.28-a0-1396-gdcb3f3653b (webtiles) character file.

Game seed: 2679539640532590836

176 Lekart the Slasher (level 5, -8/46 HPs)
             Began as a Draconian Fighter on Jan 5, 2022.
             Was a Believer of Ru.
             Mangled by an ogre (21 damage)
             ... on level 3 of the Dungeon.
             The game lasted 00:03:26 (2615 turns).

Lekart the Slasher (Draconian Fighter)              Turns: 2615, Time: 00:03:27

Health: -8/46      AC:  5    Str: 19    XL:     5   Next: 30%
Magic:  5/5        EV: 12    Int:  8    God:    Ru [**....]
Gold:   47         SH:  5    Dex: 12    Spells: 4/4 levels left

rFire   . . .      SeeInvis .   m - +9 sword of Zonguldrok {reap}
rCold   . . .      Faith    .   b - +0 buckler
rNeg    . . .      Spirit   .   (armour unavailable)
rPois   .          Reflect  .   (helmet restricted)
rElec   .          Harm     .   (no cloak)
rCorr   .          Rampage  .   (no gloves)
Will    .....                   (no boots)
Stlth   +.........              (no amulet)
HPRegen 0.15/turn               (no ring)
MPRegen 0.09/turn               (no ring)

@: no status effects
A: AC +5, unfitting armour, cold-blooded, inability to use devices
a: Renounce Religion


You were on level 3 of the Dungeon.
You worshipped Ru.
Ru was pleased with you.
You visited 1 branch of the dungeon, and saw 3 of its levels.

You collected 47 gold pieces.

Inventory:

Hand Weapons
 a - a +0 long sword
 m - the +9 sword of Zonguldrok (weapon) {reap}
   (You found it on level 2 of the Dungeon)

   Any living foe damaged by it may be reanimated upon death as a zombie
   friendly to the wielder, with an increasing chance as more damage is dealt.
Armour
 b - a +0 buckler (worn)
 l - a +0 cloak
Jewellery
 f - a +4 ring of protection
 q - a +6 ring of strength
Scrolls
 e - 2 scrolls of amnesia {unknown}
 g - a scroll of acquirement {unknown}
 h - a scroll of noise {unknown}
 i - 4 scrolls of teleportation {unknown}
 p - a scroll of identify {unknown}
Potions
 c - a potion of might
 d - 2 potions of curing {unknown}
 j - a potion of magic {unknown}
 k - a potion of ambrosia {unknown}
 n - a potion of attraction {unknown}
 o - a potion of cancellation {unknown}


   Skills:
 + Level 3.9 Fighting
 + Level 4.0 Long Blades
 + Level 3.3 Dodging
 * Level 3.9 Shields


You had 4 spell levels left.
You didn't know any spells.
Your spell library contained the following spells:

 Spells                   Type           Power      Damage    Failure   Level
 Foxfire                  Conj/Fire      0%         2x1d4     41%         1
 Conjure Flame            Conj/Fire      0%         6-21      78%         3
 Inner Flame              Hex/Fire       0%         N/A       78%         3
 Flame Wave               Conj/Fire      0%         2d4       99%         4


Dungeon Overview and Level Annotations

Branches:
Dungeon (3/15)

Altars:
Ru


Innate Abilities, Weirdness & Mutations

Your plain brown scales are hard. (AC +5)
You cannot fit into any form of body armour.
You are cold-blooded and may be slowed by cold attacks.
You cannot study or use magical devices.


Message History

The gnoll is severely wounded.
The gnoll misses you. The gnoll hits you with a +0 whip.
An ogre comes into view. It is wielding a +0 giant club.
The gnoll hits you from afar with a +1 halberd of protection.
The gnoll hits you from afar with a +0 spear.
You focus your inner power and blind the gnoll in retribution!
The gnoll hits you with a +0 whip.
You barely miss the gnoll. You tail-slap the gnoll.
You kill the gnoll!
The gnoll hits you from afar with a +1 halberd of protection.
The goblin closely misses you. The gnoll closely misses you.
You completely miss the gnoll.
The gnoll hits you from afar with a +1 halberd of protection.
The goblin barely misses you. The gnoll misses you.
The gnoll closely misses you. The goblin hits you but does no damage.
You barely miss the gnoll. You block the gnoll's attack.
The gnoll barely misses you. You block the goblin's attack.
Your gnoll zombie hits the gnoll.
The gnoll hits you with a +0 flail!
Your gnoll zombie hits the gnoll but does no damage.
The gnoll is no longer blind.
The gnoll hits your gnoll zombie with a +0 spear!
The gnoll hits your gnoll zombie with a +1 halberd of protection.
Your gnoll zombie hits the gnoll but does no damage.
The gnoll hits your gnoll zombie with a +1 halberd of protection!
Your gnoll zombie is destroyed!
The gnoll barely misses you.
You barely miss the gnoll. You tail-slap the gnoll.
The gnoll is moderately wounded.
The goblin hits you but does no damage. The gnoll closely misses you.
You slash the gnoll!
You kill the gnoll!
The gnoll barely misses you. The goblin hits you with a +0 dagger.
The gnoll hits you from afar with a +0 spear!
* * * LOW HITPOINT WARNING * * *
You block the goblin's attack.
Your Long Blades skill increases to level 4!
Your gnoll zombie hits the gnoll but does no damage.
The ogre hits you with a +0 giant club!!
You die...

#.##.# #..Z#
#####.##.######...##
#.Z...##.##.........
#.###..#.#..###....#
#...................
#..#................
#...##............##
#...#.#..........#.#
#..@.#.##......## #.
#...O.##.#....#.##..
#...g.#.#.####.# #..
#....g.#.##..##.#...
#......g##.Z..##....
#........Z..........
#...................
#.......##....##.)..
##.....#.##..##.#...


You could see an ogre, 2 gnolls, a goblin (ally target) and a friendly gnoll
zombie.

Vanquished Creatures
  Jessica (D:2)
  Terence (D:2)
  Robin (D:2)
  4 adders
  2 gnolls (D:3)
  A worm (D:3)
  6 bats
  3 endoplasms
  A giant cockroach (D:1)
  8 goblins
  3 hobgoblins
  8 jackals (D:2)
  4 kobolds
  A quokka (D:1)
  7 ball pythons
  5 frilled lizards
  3 rats
59 creatures vanquished.

Vanquished Creatures (collateral kills)
  A ball python (D:2)
1 creature vanquished.

Vanquished Creatures (others)
  A rat (D:1)
1 creature vanquished.

Grand Total: 61 creatures vanquished

Notes
Turn   | Place    | Note
-------+----------+-------------------------------------------
     0 | D:1      | Lekart the Draconian Fighter began the quest for the Orb.
     0 | D:1      | Reached XP level 1. HP: 19/19 MP: 1/1
   201 | D:1      | Found a faded altar of an unknown god.
   404 | D:1      | Prayed at the altar of an unknown god.
   404 | D:1      | Became a worshipper of Ru the Awakened
   411 | D:1      | Gained mutation: You cannot study or use magical devices.
                  | [Ru sacrifice]
   411 | D:1      | Reached * piety under Ru
   411 | D:1      | Reached ** piety under Ru
   450 | D:1      | Reached XP level 2. HP: 26/26 MP: 2/2
  1181 | D:2      | Noticed Robin
  1188 | D:2      | Reached XP level 3. HP: 12/31 MP: 3/3
  1197 | D:2      | Killed Robin
  1460 | D:2      | Identified the +1 leather armour of Activism {rF+ Str+9
                  | Slay-4 Stlth-}
  1535 | D:2      | Reached skill level 3 in Long Blades
  1760 | D:2      | Found the +9 sword of Zonguldrok {reap}
  1839 | D:2      | Noticed Jessica
  1841 | D:2      | Reached XP level 4. HP: 40/40 MP: 4/4
  1849 | D:2      | Killed Jessica
  1901 | D:2      | Noticed Terence
  1909 | D:2      | Killed Terence
  2355 | D:3      | Reached XP level 5. HP: 44/46 MP: 5/5
  2596 | D:3      | Noticed an ogre
  2610 | D:3      | Reached skill level 4 in Long Blades
  2615 | D:3      | Mangled by an ogre

Illustrated notes

Levels and vault maps discovered:
D:1:      dpeg_arrival_castle, layout_rooms, nicolae_ecumenical_snake_handling,
          lemuel_old_faithful
D:2:      layout_loops_ring, serial_park_tiny_2, chequers_serial_rivers_micro_d,
          hangedman_abyss_or_decor_lesser_grid, corexii_item_surrounded_by_moat,
          roderic_roman_lattice, uniq_jessica, uniq_terence, uniq_robin
D:3:      layout_basic, minmay_misc_feat_secret_circle, grunt_decor_junction,
          uniq_grinder

Skill      XL: |  1  2  3  4  5 |
---------------+----------------+-----
Dodging        | 3 |  3.3
Long Blades    | 3 4 |  4.0
Fighting       | |  3.9
Shields        | |  3.9

Action                   |  1- 3 |  4- 6 || total
-------------------------+-------+-------++-------
Melee: Long sword        |   104 |       ||   104
       Tailslap          |     6 |     4 ||    10
       Double sword      |     4 |    43 ||    47
Invok: Sacrifice Artific |     1 |       ||     1
 Stab: Sleeping          |     1 |       ||     1
       Invisible         |     2 |       ||     2
Armor: Skin              |    41 |    11 ||    52
Dodge: Dodged            |    97 |    37 ||   134
Block: Buckler           |    28 |     7 ||    35

Table legend: (Time is in decaauts)
 A = Elapsed time spent in this place.
 B = Non-inter-level travel time spent in this place.
 C = Inter-level travel time spent in this place.
 D = Time resting spent in this place.
 E = Time spent auto-exploring this place.
 F = Levels seen in this place.
 G = Mean time per level.
                   A        B        C        D        E       F      G
               +--------+--------+--------+--------+--------+-----+--------+
         Total |   2664 |   2595 |     69 |    529 |   1593 |   3 |  888.0 |
       Dungeon |   2664 |   2595 |     69 |    529 |   1593 |   3 |  888.0 |
               +--------+--------+--------+--------+--------+-----+--------+

Top non-repeatable levels by time:
     D:2: 1360 daAuts
     D:1: 1023 daAuts
     D:3: 281 daAuts
